 Dungeon Crawl Stone Soup version 0.28-a0-612-gcfc00ec14d (webtiles) character file.

Game seed: 4713002515966711158

40 siradein the Insei (level 3, 0/27 HPs)
             Began as a Merfolk Transmuter on Oct 5, 2021.
             Succumbed to an adder's poison
             ... on level 2 of the Dungeon.
             The game lasted 00:01:48 (1391 turns).

siradein the Insei (Merfolk Transmuter)             Turns: 1391, Time: 00:01:49

Health: 0/27       AC:  2    Str: 10    XL:     3   Next: 50%
Magic:  5/6        EV: 13    Int: 13    God:
Gold:   45         SH:  0    Dex: 14    Spells: 0/6 levels left

rFire   + . .      SeeInvis .     - Unarmed
rCold   + . .      Faith    .   (no shield)
rNeg    . . .      Spirit   .   a - +0 robe
rPois   +          Reflect  .   (helmet currently unavailable)
rElec   +          Harm     .   (no cloak)
rCorr   +          Rampage  .   (no gloves)
Will    .....                   (boots currently unavailable)
Stlth   +.........              (no amulet)
HPRegen 0.09/turn               (no ring)
MPRegen 0.10/turn               (no ring)

@: lethally poisoned (0 -> -1), appendages, resistant, attractive
A: horns 2, (nimble swimmer 2), mertail
a: End Transformation


You were on level 2 of the Dungeon.
You had temporarily grown beastly horns.
You visited 1 branch of the dungeon, and saw 2 of its levels.

You collected 45 gold pieces.

Inventory:

Missiles
 b - 14 poisoned darts
Armour
 a - a +0 robe (worn)
Scrolls
 c - a scroll of identify {unknown}


   Skills:
 + Level 1.8 Fighting
 + Level 3.2 Dodging
 + Level 3.6 Unarmed Combat
 + Level 2.3 Spellcasting
 + Level 3.3 Transmutations


You couldn't memorise any spells.
You knew the following spells:

 Your Spells              Type           Power      Damage    Failure   Level
a - Beastly Appendage     Tmut           20%        N/A       6%          1
b - Wereblood             Tmut           10%        N/A       10%         2
c - Spider Form           Tmut/Pois      2%         N/A       36%         3

Your spell library contained the following spells:

 Spells                   Type           Power      Damage    Failure   Level
 Ice Form                 Ice/Tmut       5%         N/A       77%         4


Dungeon Overview and Level Annotations

Branches:
Dungeon (2/15)

Altars:


Innate Abilities, Weirdness & Mutations

You have temporarily grown beastly horns.
((You are quick and stealthy near water. (Stealth+, EV+, Speed+++)))
Your lower body shifts to a powerful aquatic tail in water.


Message History

* * * LOW HITPOINT WARNING * * *
Casting: Beastly Appendage (safe; 7% risk of failure)
Press: ? - help, Q - select action, (/) - cycle Dir - look around, f - activate You miscast Beastly Appendage.
You are very lightly contaminated with residual magic.
Nothing appears to happen.
The adder closely misses you. The adder misses you.
Casting: Beastly Appendage (safe; 7% risk of failure)
Press: ? - help, Q - select action, (/) - cycle Dir - look around, f - activate You grow a pair of large bovine horns.
The adder bites you.
* * * LOW HITPOINT WARNING * * *
You hit the adder. Your headbutt misses the adder. Your punch misses the adder.
The adder is lightly wounded.
The adder misses you.
You hit the adder.
The adder is severely wounded.
The adder barely misses you.
You hit the adder but do no damage.
The adder is severely wounded.
The adder bites you.
* * * LOW HITPOINT WARNING * * *
You are lethally poisoned!
The adder poisons you!
You barely miss the adder. You headbutt the adder.
You kill the adder!
* * * LOW HITPOINT WARNING * * *
You feel sick.
* * * LOW HITPOINT WARNING * * *
You feel sick.
It was a potion of attraction.
You feel attractive to monsters.
* * * LOW HITPOINT WARNING * * *
You feel sick.
Your magical contamination has completely faded away.
It was a potion of resistance.
You feel protected.
* * * LOW HITPOINT WARNING * * *
You feel sick.
You die...

............##.# #.#
............##.# ###.#
...............#####...#
.........#.w.....##..###
#.............#...#.##
..........######..#.####
........#.## #w......#
#....#.##..# #.......#
.....#. ##.#####@......#
.##.#.###.......#######
#...............#
...........♣♣♣....#
.......†..♣# #♣.....#
..........♣ ♣.#...#
.......<..♣ ♣.##..#
...........♣ ..# #..#
................# .>#


You could see a worm.

Vanquished Creatures
  An adder (D:2)
  A dart slug (D:1)
  4 endoplasms
  A giant cockroach (D:1)
  4 goblins (D:1)
  A hobgoblin (D:1)
  2 jackals (D:1)
  A kobold (D:1)
  2 quokkas
  2 ball pythons
  4 bats (D:1)
  3 rats (D:1)
26 creatures vanquished.

Notes
Turn   | Place    | Note
-------+----------+-------------------------------------------
     0 | D:1      | siradein the Merfolk Transmuter began the quest for the
                  | Orb.
     0 | D:1      | Reached XP level 1. HP: 15/15 MP: 3/3
   427 | D:1      | Reached XP level 2. HP: 12/21 MP: 5/5
   811 | D:1      | Found a faded altar of an unknown god.
  1181 | D:1      | Reached XP level 3. HP: 25/27 MP: 4/6
  1275 | D:1      | Learned a level 2 spell: Wereblood
  1279 | D:1      | Learned a level 3 spell: Spider Form
  1390 | D:2      | HP: 1/27 [poisoned by an adder]
  1391 | D:2      | Succumbed to an adder's poison

Illustrated notes

Levels and vault maps discovered:
D:1:      dpeg_arrival_concentric_ovals, layout_basic,
          dreamdust_ecumenical_altar_sealed_demon
D:2:      layout_rooms, minmay_stone_trees_small

Skill      XL: |  1  2 |
---------------+-------+-----
Dodging        | 3 |  3.2
Transmutations | 3 |  3.3
Fighting       | |  1.8
Unarmed Combat | |  3.6
Spellcasting   | |  2.3

Action                   || total
-------------------------++-------
Melee: Unarmed           ||    85
       Headbutt          ||     9
       Punch             ||     1
 Cast: Beastly Appendage ||    16
  Use: Potion            ||     2
 Stab: Sleeping          ||     1
Armor: Robe              ||    22
Dodge: Dodged            ||    81

Table legend: (Time is in decaauts)
 A = Elapsed time spent in this place.
 B = Non-inter-level travel time spent in this place.
 C = Inter-level travel time spent in this place.
 D = Time resting spent in this place.
 E = Time spent auto-exploring this place.
 F = Levels seen in this place.
 G = Mean time per level.
                   A        B        C        D        E       F      G
               +--------+--------+--------+--------+--------+-----+--------+
         Total |   1387 |   1379 |      8 |      0 |   1165 |   2 |  693.5 |
       Dungeon |   1387 |   1379 |      8 |      0 |   1165 |   2 |  693.5 |
               +--------+--------+--------+--------+--------+-----+--------+

Top non-repeatable levels by time:
     D:1: 1296 daAuts
     D:2: 91 daAuts
